 Dungeon Crawl Stone Soup version 0.31-a0-1205-g5e5e916f41 (webtiles) character file.

Game seed: 16778812210062923653

1850948 EnegeticOcto the Armataur Barricade (level 25, 186/194 HPs)
             Began as an Armataur Berserker on Dec 13, 2023.
             Was a High Priest of Trog.
             Escaped with the Orb
             ... and 3 runes!
             The game lasted 01:33:45 (54667 turns).

EnegeticOcto the Armataur Barricade (AtBe)         Turns: 54667, Time: 01:33:45

Health: 186/194    AC: 45    Str: 31    XL:     25   Next: 37%
Magic:  23/23      EV: 15    Int:  7    God:    Trog [*****.]
Gold:   4718       SH: 39    Dex: 21    Spells: 24/24 levels left

rFire   + . .        T - +7 eveningstar (freeze)
rCold   + . .        n - +8 tower shield {reflect}
rNeg    + + +        L - +10 plate armour {ponderous}
rPois   +            x - +2 hat
rElec   +            t - +1 cloak "Qumeluf" {-Cast rN+ Dex+3}
rCorr   +            P - +2 pair of gloves {Str+3}
SInv    .            U - +0 barding of Modesty {Rampage rPois}
Will    +++..        s - amulet of Vitality {RegenMP++ Regen++} Stlth
                     f - ring "Ropygeil" {rElec rN+++ rCorr Int-5}
HPRegen 3.92/turn    B - ring of Aguv {rF+ rC+ EV+5 Str+2}
MPRegen 0.98/turn

%: no spellcasting, reflection, roll
@: strong-willed (expiring), regenerating (expiring), hasted, studying Stealth,
very quick
A: large, deformed body, tough skin 3, armoured tail, roll 2, long tongue,
hooves 1, horns 1, iridescent scales 1, large bone plates 1, agile 1, clever 1,
frail 1, regeneration 1, inability to drink after injury 1
0: Orb of Zot
}: 3/15 runes: decaying, serpentine, silver
a: Renounce Religion, Berserk, Trog's Hand, Brothers in Arms


You escaped.
You worshipped Trog.
Trog was extremely pleased with you.
You visited 9 branches of the dungeon, and saw 47 of its levels.
You visited the Abyss 1 time.
You also visited: Bailey, Gauntlet, Ice Cave, Wizlab and Desolation.

You collected 7417 gold pieces.
You spent 2699 gold pieces at shops.

Inventory:

Hand Weapons
 O - a +1 whip of distortion
   (You took it off an orc on level 8 of the Dungeon)
 T - a +7 eveningstar of freezing (weapon)
   (Trog gifted it to you on level 2 of the Orcish Mines)
Missiles
 m - 3 throwing nets {!f}
 y - 5 curare-tipped darts
Armour
 n - a +8 tower shield of reflection (worn)
   (You found it on level 3 of the Lair of Beasts)
 t - the +1 cloak "Qumeluf" (worn) {-Cast rN+ Dex+3}
   (You found it in a Gauntlet)

   Dex+3:     It affects your dexterity (+3).
   rN+:       It protects you from negative energy.
   -Cast:     It prevents spellcasting.
 x - a +2 hat (worn)
   (You found it on level 1 of the Vaults)
 L - a +10 plate armour of ponderousness (worn)
   (You found it in a wizard's laboratory)
 P - a +2 pair of gloves of strength (worn)
   (You found it in the Desolation of Salt)
 U - the +0 barding of Modesty (worn) {Rampage rPois}
   (You acquired it in a bailey)

   rPois:     It protects you from poison Rampage: It bestows one free step when
   moving towards enemies.
Jewellery
 d - the ring "Tysuiq" {*Corrode rElec rN+ AC+4 Stlth+}
   (You took it off an ironbound convoker in the Desolation of Salt)

   [ring of protection]

   AC+4:      It affects your AC (+4).
   rElec:     It insulates you from electricity.
   rN+:       It protects you from negative energy.
   *Corrode:  It may corrode you when you take damage.
   Stlth+:    It makes you more stealthy.
 f - the ring "Ropygeil" (left hand) {rElec rN+++ rCorr Int-5}
   (You found it on level 4 of the Vaults)

   [ring of resist corrosion]

   Int-5:     It affects your intelligence (-5).
   rElec:     It insulates you from electricity.
   rN+++:     It renders you almost immune to negative energy.
   rCorr:     It protects you from acid and corrosion.
 s - the amulet of Vitality (around neck) {RegenMP++ Regen++}
   (You took it off a deep elf knight on level 3 of the Elven Halls)

   [amulet of magic regeneration]

   RegenMP:   It increases your rate of magic regeneration.
   Regen++:   It increases your rate of health regeneration.
 B - the ring of Aguv (right hand) {rF+ rC+ EV+5 Str+2}
   (You bought it in a shop on level 3 of the Snake Pit)

   [ring of evasion]

   EV+5:      It affects your evasion (+5).
   Str+2:     It affects your strength (+2).
   rF+:       It protects you from fire.
   rC+:       It protects you from cold.
 I - a ring of willpower
   (You found it on level 1 of the Vaults)
Wands
 c - a wand of digging (34) {@v3}
   (You found it on level 4 of the Lair of Beasts)
 h - a wand of charming (42)
   (You took it off Maggie on level 1 of the Lair of Beasts)
 o - a wand of mindburst (38)
   (You found it on level 5 of the Lair of Beasts)
 p - a wand of polymorph (24)
   (You took it off a salamander on level 4 of the Snake Pit)
 D - a wand of iceblast (103) {@v2}
   (You took it off Pikel on level 6 of the Dungeon)
 G - a wand of acid (8) {@v1}
   (You found it on level 3 of the Vaults)
 Q - a wand of flame (84) {@v4}
   (You found it on level 5 of the Dungeon)
Scrolls
 b - 8 scrolls of summoning
 e - 8 scrolls of vulnerability
 g - a scroll of revelation {@r5 !r}
 j - 5 scrolls of blinking {@r4}
 k - 6 scrolls of immolation
 l - 15 scrolls of fog {!r}
 N - 16 scrolls of teleportation {@r3 !r}
 V - 10 scrolls of fear {!r}
 W - 5 scrolls of poison
 X - 4 scrolls of silence {!r}
 Z - 3 scrolls of enchant armour
Potions
 a - a potion of berserk rage
 i - 4 potions of mutation
 q - 4 potions of attraction
 r - 4 potions of enlightenment
 u - 9 potions of heal wounds {@q2 !q}
 v - 3 potions of ambrosia
 w - 3 potions of haste {@q4 !q}
 A - 8 potions of cancellation
 C - a potion of invisibility
 F - 15 potions of curing {@q1 !q}
 H - 5 potions of might {@q3 !q}
 K - a potion of resistance
 Y - 4 potions of lignification {@q6}
Miscellaneous
 E - a phial of floods
   (You found it in a Gauntlet)
 J - a box of beasts
   (You found it on level 12 of the Dungeon)
 M - a phantom mirror
   (You found it on level 14 of the Dungeon)
 R - a lightning rod (4/4)
   (You found it on level 12 of the Dungeon)
 S - a condenser vane (inert)
   (You found it on level 9 of the Dungeon)


   Skills:
 + Level 21.9 Fighting
 - Level 20.0 Maces & Flails
 - Level 20.0 Armour
 - Level 9.0 Dodging
 O Level 27 Shields
 - Level 18.0 Evocations


You had 24 spell levels left.
You didn't know any spells.
Your spell library was empty.

Dungeon Overview and Level Annotations

Branches:
Dungeon (15/15)            Temple (0/1) D:4            Lair (5/5) D:10
  Swamp (4/4) Lair:3        Snake (4/4) Lair:2        Slime (0/5) Lair:4
    Orc (2/2) D:11            Elf (3/3) Orc:2        Vaults (5/5) D:13
  Crypt (0/3) Vaults:2     Depths (4/4) D:15            Zot (5/5) Depths:4
 Bailey (visited)           IceCv (visited)          WizLab (visited)
Desolation (visited)      Gauntlet (visited)

Altars:
Ashenzari
Cheibriados
Dithmenos
Elyvilon
Fedhas
Makhleb
Okawaru
Qazlal
Ru
Sif Muna
Trog
Uskayaw
Wu Jian
Yredelemnul
Jiyva

Shops:
D:13 :   Orc:2 ([((   Elf:2 (=*[   Snake:3 =   Snake:4 (*[[   Vaults:4 =
Depths:1 *:?*

Portals:
Hell: Depths:1 Depths:2 Depths:3 Depths:4
Abyss: Depths:3
Pandemonium: Depths:2
Ziggurat: Depths:2

Annotations:
D:14 3 runed translucent doors, exclusion: 3 doors, Waitepy's ghost, journeyman DjAE
Elf:2 3 runed translucent doors, exclusion: door, Norris


Innate Abilities, Weirdness & Mutations

Armour fits poorly on your strangely shaped body.
You have extremely tough skin. (AC +3)
You have a long armoured tail.
You roll and regenerate health when moving toward enemies. (Rampage Heal)
Your long tongue fully drains potion bottles. (2x potion effects)
You have large cloven feet.
You have a pair of small horns on your head.
You are partially covered in iridescent scales. (AC +2)
You are partially covered in large bone plates. (SH +4)
You are agile. (Dex +4, Str/Int -1)
Your mind is acute. (Int +4, Str/Dex -1)
You are frail. (-10% HP)
Your natural rate of healing is unusually fast.
You occasionally lose the ability to drink potions when taking damage.


Message History

You tail-slap the Orb Guardian, but do no damage.
The Orb Guardian is almost dead.
You block the Orb Guardian's attack.
You closely miss the Orb Guardian.
You kick the Orb Guardian, but do no damage.
Your headbutt misses the Orb Guardian.
The Orb Guardian is almost dead.
You block the Orb Guardian's attack.
Woymm comes into view.
Really quaff
w - 4 potions of haste {@q4 !q}?
Okay, then.
You block the Orb Guardian's attack.
Press: ? - help, v - describe, . - travel
Here: Woymm The floor.
Unknown command.
Okay, then.
Your skin crawls.
You feel strong-willed. You block the Orb Guardian's attack.
The lich casts a spell.
The lich seems to speed up.
You block the Orb Guardian's attack.
Really quaff
w - 4 potions of haste {@q4 !q}?
You feel yourself speed up.
You slurp down every last drop of the potion of haste {@q4 !q}!
Woymm gestures.
The lich gestures wildly while chanting.
The lich flickers and vanishes!
Deactivating autopickup; reactivate with Ctrl-A.
You block the Orb Guardian's attack.
You block Woymm's attack. 3 ball lightnings come into view.
Your deep troll goes berserk!
You block the Orb Guardian's attack. You block Woymm's attack.
The ball lightning explodes!
The blast of lightning engulfs the Orb Guardian!!!
The Orb Guardian dies!
The blast of lightning engulfs you! You resist.
The blast of lightning engulfs the ball lightning.
The ball lightning completely resists.
The blast of lightning engulfs your deep troll!!!
The blast of lightning engulfs Woymm!!
The ball lightning explodes!
The blast of lightning engulfs the ice devil!!
The blast of lightning engulfs your deep troll!!!
Your deep troll dies!
Your deep troll's corpse disappears in a puff of smoke!
The blast of lightning engulfs Woymm!!!
The blast of lightning engulfs you! You resist.
The blast of lightning engulfs the ball lightning.
The ball lightning completely resists.
You hear a shout!
You sock Woymm! Your kick misses Woymm. Your headbutt misses Woymm.
Woymm is heavily wounded.
The ball lightning explodes!
The blast of lightning engulfs you! You resist.
The blast of lightning engulfs Woymm!!
The blast of lightning engulfs the ice devil!!!
The ice devil dies!
You impale Woymm!! You freeze Woymm! Your kick misses Woymm.
Woymm is severely wounded.
You block Woymm's attack.
You closely miss Woymm. Your kick misses Woymm. You headbutt Woymm.
Your tail-slap misses Woymm.
Woymm is severely wounded.
Woymm gestures. 3 ball lightnings come into view.
You completely miss Woymm. Your kick misses Woymm. Your headbutt misses Woymm.
Woymm is severely wounded.
Woymm gestures at you.
The bolt of negative energy hits you but does no damage.
You resist.
The ball lightning explodes!
The blast of lightning engulfs you! You resist.
The blast of lightning engulfs the ball lightning.
The ball lightning completely resists.
The blast of lightning engulfs Woymm!!!
Woymm dies!
The blast of lightning engulfs the ball lightning.
The ball lightning completely resists.
The blast of lightning engulfs something!!!
The ball lightning explodes!
The blast of lightning engulfs you! You resist.
The blast of lightning engulfs something!!!
Reactivating autopickup.
The blast of lightning engulfs the ball lightning.
The ball lightning completely resists.
You are too injured to fight recklessly!
You are too injured to fight recklessly!
You are too injured to fight recklessly!
The ball lightning explodes!
The blast of lightning engulfs you! You resist.
(D) Dungeon (T) Temple (L) Lair (S) Swamp (P) Snake Pit (M) Slime Pits (O) Orcish Mines (E) Elven Halls (V) Vaults (C) Crypt (U) Depths (H) Hell (Z) Zot
Where to? (Tab/Enter - D:1 @ (x,y), ? - help)
You open the door.
There is an open door here.
You feel the effects of Trog's Hand fading.
There is a staircase leading out of the dungeon here.
You have escaped!

#.............'..........#.
#....##.#######.....####.#.
#....##..## ####.......#.
########..#######....###.#.
#....≈≈≈≈#....# #.#.
#....≈≈≈≈≈.#.####.#.
#....~≈≈≈≈.#....#.#.
#....≈~≈≈≈.#..#.#.##
#..@.≈..≈≈.##...#.##
#......≈≈≈......#...
#......≈≈≈..#.#.###.
#..≈..≈≈≈≈..#.#.###.
##≈≈≈≈≈≈≈#(.#.#.##..
#≈≈≈≈≈≈≈#..#.#.##..
#########..#.#.##..
##########..#...##..
#######...........######..


There were no monsters in sight!

Vanquished Creatures
  A pandemonium lord (Depths:2)
  Mara (Snake:3)
  4 juggernauts (Depths:3)
  Vashnia (Snake:3)
  7 golden dragons
  Jory (Depths:4)
  2 doom hounds (Zot:2)
  A bone dragon (Swamp:4)
  An electric golem (WizLab)
  5 tentacled monstrosities
  The ghost of Muvus the Executioner, an adept DsFi of Uskayaw (Vaults:4)
  A walking crystal tome (Depths:2)
  A walking earthen tome (Depths:3)
  2 Hell Sentinels
  Rupert (Snake:1)
  5 liches
  4 titans
  2 deep elf master archers (Elf:3)
  A walking divine tome (Depths:3)
  2 deep elf blademasters (Elf:3)
  10 Orb Guardians
  A death cob (Zot:5)
  Grunn (Zot:2)
  5 sphinxes
  2 quicksilver dragons
  A walking frostbound tome (Depths:3)
  8 tengu reavers
  Kirke (Lair:2)
  Gastronok (Lair:1)
  10 shadow dragons
  9 nagarajas
  A thorn hunter (Swamp:3)
  The ghost of Lajad the Destroyer, an adept OpFE of Sif Muna (Elf:2)
  Donald (Swamp:4)
  A fenstrider witch (Swamp:4)
  7 fire giants
  4 storm dragons
  2 draconian knights
  An imperial myrmidon (Desolation)
  18 vault wardens
  9 frost giants
  4 deep elf elementalists (Elf:3)
  7 deep elf sorcerers
  3 draconian scorchers
  22 ironbound preservers
  The ghost of Paaligas the Warrior, a journeyman GrCA of Lugonu (Elf:2)
  A draconian annihilator (Zot:2)
  A ghost moth (Zot:5)
  3 ghouls (Swamp:4)
  18 stone giants
  A draconian stormcaller (Depths:4)
  5 spriggan defenders
  2 orc warlords
  3 formless jellyfish
  A reaper (Zot:1)
  4 war gargoyles
  A green draconian (Zot:2)
  16 ironbound thunderhulks
  Azrael (Elf:2)
  21 very ugly things
  3 red draconians
  7 deep elf demonologists
  A yellow draconian (Zot:2)
  5 vampire knights
  A purple draconian (Zot:2)
  5 eleionomae
  9 deep elf annihilators
  7 black draconians
  4 bunyips
  13 dire elephants (Vaults:2)
  21 spark wasps
  The ghost of Ente the Grappler, a journeyman TrDe of Cheibriados (Lair:2)
  A minotaur (Gauntlet)
  2 blizzard demons
  18 ettins
  6 crystal guardians
  7 deep elf high priests
  A merfolk javelineer (Depths:1)
  3 entropy weavers
  5 deep elf death magi (Elf:3)
  4 fire dragons
  2 shambling mangroves
  16 yaktaur captains
  4 ragged hierophants
  Fannar (Lair:1)
  13 ice dragons
  A rakshasa (Depths:1)
  4 great orbs of eyes
  9 hydras
  5 servants of whispers (Desolation)
  5 anacondas
  2 salamander tyrants
  29 vault guards
  A catoblepas (Lair:5)
  7 centaur warriors
  8 alligators
  5 ogre magi
  16 peacekeepers
  7 spriggan air magi
  4 ghost crabs (Swamp:4)
  4 ironbound frosthearts
  A death knight (Vaults:2)
  A jorogumo (shapeshifter) (Vaults:5)
  7 tengu warriors
  A sphinx skeleton (Depths:2)
  8 boulder beetles
  16 dancing weapons
  9 two-headed ogres
  18 deep troll earth magi
  14 deep troll shamans
  11 naga warriors
  2 orc high priests (Orc:2)
  14 death yaks
  3 vampire magi
  2 shock serpents (shapeshifter)
  14 spriggan berserkers
  10 shock serpents
  2 occultists
  24 naga sharpshooters
  10 hell knights
  22 spriggans
  10 deep elf knights
  2 skysharks
  5 iron trolls
  A skeletal warrior (Vaults:2)
  A shadow wraith (Vaults:5)
  A skyshark (shapeshifter) (Vaults:5)
  A wretched star (Abyss:3)
  2 sixfirhies
  72 deep trolls
  A salamander mystic (Snake:3)
  2 spriggan druids
  A golden dragon skeleton (Depths:2)
  5 spectral hydras (Swamp:4)
  A death drake (Swamp:4)
  4 glowing orange brains
  5 goliath frogs
  A swamp dragon (shapeshifter) (Vaults:5)
  2 shadow demons
  4 naga ritualists
  19 deep elf archers
  3 flayed ghosts (Depths:3)
  4 swamp dragons
  A spriggan simulacrum (Abyss:3)
  7 bog bodies
  2 arcanists
  Pikel (D:6)
  A tengu zombie (Vaults:2)
  20 deep elf zephyrmancers
  22 ironbound convokers
  19 lindwurms
  7 necromancers
  4 phantasmal warriors
  30 deep elf pyromancers
  10 mana vipers
  A harpy (Vaults:1)
  6 orc knights
  2 alligator zombies (Swamp:4)
  3 cyclopes
  8 orc sorcerers
  A will-o-the-wisp (Swamp:4)
  44 ugly things
  14 salamanders
  3 manticores
  4 moths of wrath
  A worldbinder (Abyss:2)
  A moth of wrath (shapeshifter) (D:13)
  30 black mambas
  16 elephants
  41 slime creatures
  A human skeleton (Vaults:2)
  A torpor snail (Lair:4)
  8 naga magi
  2 kobold blastminers (Orc:1)
  2 large abominations (Abyss:3)
  A smoke demon (Abyss:3)
  Joseph (D:7)
  An eye of devastation (shapeshifter) (Vaults:5)
  A black mamba (shapeshifter) (Elf:3)
  An ice statue (IceCv)
  2 molten gargoyles
  6 gargoyles
  10 cane toads
  An unseen horror (D:10)
  10 guardian serpents
  Maggie (Lair:1)
  18 vault sentinels
  3 rime drakes
  5 swamp worm zombies (Swamp:4)
  27 yaktaurs
  7 komodo dragons
  An unseen horror (shapeshifter) (Depths:2)
  2 kobold demonologists (D:7)
  A tormentor (D:4)
  Jeremiah (D:6)
  4 freezing wraiths
  A spark wasp simulacrum (Depths:2)
  4 tengu conjurers
  A red devil (D:6)
  10 trolls
  4 hydra zombies (Swamp:4)
  3 tyrant leeches
  3 meliai (D:14)
  3 bloated husks
  A meliai (shapeshifter) (D:13)
  A tarantella (Vaults:2)
  10 polar bears
  54 saltlings
  28 hornets
  A spectral swamp dragon (Swamp:4)
  4 dream sheep (Lair:3)
  5 blink frogs
  2 glass eyes
  8 flying skulls
  A dream sheep (shapeshifter) (Vaults:5)
  2 jumping spiders (Vaults:3)
  An air elemental (Elf:3)
  7 shadows
  6 wyverns
  2 water elementals
  2 wraiths
  6 basilisks
  A hog (shapeshifter) (D:13)
  64 yaks
  2 vampires
  8 fire elementals
  A redback (shapeshifter) (Depths:3)
  7 redbacks
  15 vampire mosquitoes
  7 steam dragons
  21 swamp worms
  3 wargs
  A naga (shapeshifter) (D:15)
  39 nagas
  2 hell hounds (Elf:2)
  An acid dragon (D:12)
  9 water moccasins
  6 ice beasts
  32 orc warriors
  3 swamp dragon zombies (Swamp:4)
  5 swamp drakes
  3 black bears
  14 ogres
  A small abomination (Abyss:3)
  A crocodile (shapeshifter) (Elf:1)
  An elf simulacrum (Vaults:2)
  3 boggarts (Vaults:2)
  27 wolves
  7 centaurs
  7 phantoms
  6 starcursed masses (Abyss:3)
  A centaur (shapeshifter) (D:13)
  2 human zombies (Vaults:2)
  4 kobold brigands
  18 bullfrogs
  3 scorpions
  8 earth elementals
  3 gnoll sergeants
  A wight (D:7)
  14 killer bees
  An electric eel (D:8)
  8 howler monkeys
  A gnoll bouda (D:5)
  10 jellies
  A hound (D:6)
  28 orc priests
  4 iguanas
  A sleepcap (D:7)
  47 orc wizards
  2 lightning spires (WizLab)
  6 hell rats (Lair:3)
  36 gnolls
  8 adders
  2 swamp drake zombies (Swamp:4)
  A shadow imp (D:7)
  2 white imps
  A worm (D:4)
  83 orcs
  4 bats
  6 endoplasms
  2 giant cockroaches
  21 hobgoblins
  6 jackals
  17 kobolds
  3 quokkas (D:3)
  5 ball pythons
  4 frilled lizards
  23 goblins
  12 rats
  A spectral weapon (Elf:3)
2140 creatures vanquished.

Vanquished Creatures (collateral kills)
  Nikola (Snake:4)
  Mlioglotl (Snake:4)
  A titan (Depths:2)
  6 nagarajas (Snake:4)
  A fire giant (WizLab)
  A deep elf sorcerer (Elf:3)
  An ironbound thunderhulk (Vaults:1)
  An eleionoma (Swamp:4)
  A deep elf high priest (Elf:3)
  A servant of whispers (Desolation)
  A peacekeeper (Desolation)
  3 naga warriors (Snake:4)
  8 naga sharpshooters
  A shock serpent (Snake:3)
  2 hell knights (Depths:2)
  A deep elf archer (Elf:3)
  2 naga ritualists
  2 ugly things (Depths:4)
  A mana viper (Snake:3)
  5 salamanders
  4 guardian serpents
  5 black mambas
  3 naga magi
  4 molten gargoyles (WizLab)
  A hornet (Swamp:4)
  7 saltlings (Desolation)
  A naga (Snake:4)
  2 spectral weapons (Elf:3)
68 creatures vanquished.

Vanquished Creatures (others)
  A pandemonium lord (D:1)
  Vv (Depths:3)
  A lich (D:1)
  An Orb Guardian (D:1)
  A fire giant (Depths:2)
  An occultist (Depths:1)
  2 deep elf knights (Elf:3)
  A deep elf zephyrmancer (Elf:3)
  A deep elf pyromancer (Elf:1)
  A manticore (D:14)
  An ice devil (D:1)
  2 bloated husks (Swamp:4)
  A spriggan (Swamp:2)
  4 humans (Snake:1)
  3 nagas
  A swamp drake (Swamp:4)
  An orc (Orc:2)
  6 ball lightnings (D:1)
  2 foxfires (Swamp:4)
32 creatures vanquished.

Grand Total: 2240 creatures vanquished

Notes
Turn   | Place    | Note
-------+----------+-------------------------------------------
     0 | D:1      | EnegeticOcto the Armataur Berserker began the quest for the
                  | Orb.
     0 | D:1      | Reached XP level 1. HP: 17/17 MP: 1/1
   157 | D:1      | Reached skill level 3 in Maces & Flails
   227 | D:1      | Reached XP level 2. HP: 22/23 MP: 2/2
   465 | D:1      | Reached skill level 3 in Fighting
  1032 | D:2      | Reached XP level 3. HP: 29/29 MP: 3/3
  1182 | D:2      | Reached XP level 4. HP: 35/35 MP: 4/4
  1183 | D:2      | Reached skill level 4 in Maces & Flails
  1189 | D:2      | Reached ** piety under Trog
  1809 | D:3      | Reached XP level 5. HP: 42/42 MP: 5/5
  2182 | D:3      | Reached *** piety under Trog
  2183 | D:3      | Reached skill level 4 in Fighting
  2203 | D:3      | Reached skill level 5 in Maces & Flails
  2778 | D:4      | Found a staircase to the Ecumenical Temple.
  2986 | D:4      | Reached skill level 1 in Evocations
  3031 | D:4      | Reached XP level 6. HP: 48/48 MP: 6/6
  3285 | D:5      | Entered Level 5 of the Dungeon
  3357 | D:5      | Reached skill level 2 in Evocations
  3523 | D:5      | Noticed an ice beast
  3534 | D:5      | Killed an ice beast
  3535 | D:5      | Reached skill level 6 in Maces & Flails
  3535 | D:5      | Gained mutation: You roll and regenerate health when moving
                  | toward enemies. (Rampage Heal) [Armataur growth]
  3535 | D:5      | Reached XP level 7. HP: 55/55 MP: 7/7
  3647 | D:5      | Reached **** piety under Trog
  4043 | D:5      | Reached skill level 3 in Evocations
  4048 | D:5      | Reached skill level 5 in Fighting
  4065 | D:5      | Reached XP level 8. HP: 37/62 MP: 8/8
  4228 | D:5      | Reached skill level 7 in Maces & Flails
  4868 | D:6      | Reached skill level 4 in Evocations
  4883 | D:6      | Reached skill level 8 in Maces & Flails
  4938 | D:6      | Reached skill level 6 in Fighting
  5060 | D:6      | Reached XP level 9. HP: 71/71 MP: 9/9
  5078 | D:6      | Reached skill level 9 in Maces & Flails
  5094 | D:6      | Reached skill level 7 in Fighting
  5094 | D:6      | Noticed Pikel
  5094 | D:6      | Noticed Jeremiah
  5111 | D:6      | Killed Jeremiah
  5112 | D:6      | Reached skill level 10 in Maces & Flails
  5124 | D:6      | Killed Pikel
  5787 | D:7      | Reached XP level 10. HP: 80/80 MP: 10/10
  5832 | D:7      | Noticed Joseph
  5845 | D:7      | Killed Joseph
  5846 | D:7      | Reached skill level 8 in Fighting
  5852 | D:7      | Reached skill level 11 in Maces & Flails
  5902 | D:7      | Found a broken altar of Ashenzari.
  5982 | D:7      | Reached skill level 1 in Shields
  5986 | D:7      | Reached skill level 3 in Armour
  5990 | D:7      | Reached ***** piety under Trog
  6038 | D:7      | Reached skill level 2 in Shields
  6167 | D:7      | Reached skill level 4 in Armour
  6309 | D:7      | Reached skill level 3 in Shields
  6636 | D:7      | Found a shimmering blue altar of Sif Muna.
  6637 | D:7      | Found a blossoming altar of Fedhas.
  6637 | D:7      | Found a white marble altar of Elyvilon.
  6637 | D:7      | Found a hide-covered altar of Uskayaw.
  6744 | D:7      | Noticed a deep elf pyromancer
  6748 | D:7      | Killed a deep elf pyromancer
  6764 | D:7      | Reached skill level 12 in Maces & Flails
  6764 | D:7      | Reached skill level 5 in Armour
  6941 | D:7      | Reached XP level 11. HP: 71/87 MP: 11/11
  6959 | D:7      | Reached skill level 9 in Fighting
  7391 | D:8      | Reached skill level 6 in Armour
  7510 | D:8      | Found an iron altar of Okawaru.
  7517 | D:8      | Found a stormy altar of Qazlal.
  7873 | D:8      | Paralysed by a hornet for 3 turns
  7893 | D:8      | Received a gift from Trog
  8271 | D:8      | Found a white marble altar of Elyvilon.
  9040 | D:9      | Noticed a cyan ugly thing
  9046 | D:9      | Killed a cyan ugly thing
  9047 | D:9      | Reached skill level 7 in Armour
  9316 | D:9      | Noticed a centaur warrior
  9316 | D:9      | Noticed a cyan ugly thing
  9325 | D:9      | Killed a cyan ugly thing
  9330 | D:9      | Killed a centaur warrior
  9358 | D:9      | Noticed a two-headed ogre
  9362 | D:9      | Killed a two-headed ogre
  9424 | D:9      | Noticed an orc knight
  9437 | D:9      | Killed an orc knight
  9438 | D:9      | Reached skill level 10 in Fighting
  9438 | D:9      | Reached skill level 8 in Armour
  9497 | D:9      | Noticed a great orb of eyes
  9516 | D:9      | Killed a great orb of eyes
  9523 | D:9      | Identified the +7 flail of Putrescence {flame, rPois rN++
                  | Str-4 SInv}
  9726 | D:10     | Entered Level 10 of the Dungeon
  9784 | D:10     | Paralysed by a hornet for 2 turns
  9884 | D:10     | Found a flagged portal.
  9891 | Bailey   | Entered a bailey
  9920 | Bailey   | Noticed an orc knight
  9944 | Bailey   | Killed an orc knight
  9945 | Bailey   | Received a gift from Trog
 10002 | Bailey   | Reached skill level 13 in Maces & Flails
 10031 | Bailey   | Reached XP level 12. HP: 99/99 MP: 12/12
 10135 | Bailey   | Noticed an orc warlord
 10151 | Bailey   | Killed an orc warlord
 10152 | Bailey   | Reached skill level 11 in Fighting
 10192 | Bailey   | Identified the ring "Cont" {rC+ Str+5}
 10217 | Bailey   | Acquired the +0 barding of Modesty {Rampage rPois}
 10452 | D:10     | Found a snail-covered altar of Cheibriados.
 10569 | D:10     | Found a sacrificial altar of Ru.
 10587 | D:10     | Found a staircase to the Lair.
 10868 | D:10     | Found a hide-covered altar of Uskayaw.
 10975 | D:11     | Noticed a boulder beetle
 11096 | D:11     | Reached skill level 2 in Dodging
 11101 | D:11     | Found a frozen archway.
 11108 | IceCv    | Entered an ice cave
 11360 | IceCv    | Received a gift from Trog
 11440 | IceCv    | Reached skill level 9 in Armour
 11449 | IceCv    | Reached skill level 3 in Dodging
 11661 | IceCv    | Noticed a death yak
 11673 | IceCv    | Killed a death yak
 11713 | IceCv    | Noticed a death yak
 11713 | IceCv    | Noticed a death yak
 11713 | IceCv    | Noticed a death yak
 11720 | IceCv    | Killed a death yak
 11729 | IceCv    | Killed a death yak
 11734 | IceCv    | Killed a death yak
 11797 | IceCv    | Noticed a death yak
 11797 | IceCv    | Noticed a frost giant
 11798 | IceCv    | Noticed a death yak
 11814 | IceCv    | Killed a death yak
 11817 | IceCv    | Reached skill level 4 in Dodging
 11823 | IceCv    | Killed a death yak
 11824 | IceCv    | Reached skill level 10 in Armour
 11824 | IceCv    | Reached XP level 13. HP: 107/107 MP: 13/13
 11831 | IceCv    | Killed a frost giant
 11832 | IceCv    | Reached skill level 12 in Fighting
 11838 | IceCv    | Reached skill level 14 in Maces & Flails
 12375 | D:11     | Found a staircase to the Orcish Mines.
 12415 | D:11     | Reached ****** piety under Trog
 12424 | D:11     | Received a gift from Trog
 12641 | Lair:1   | Entered Level 1 of the Lair of Beasts
 12709 | Lair:1   | Noticed Maggie
 12721 | Lair:1   | Killed Maggie
 12964 | Lair:1   | Noticed Gastronok
 12972 | Lair:1   | Reached skill level 4 in Shields
 12987 | Lair:1   | Killed Gastronok
 13345 | Lair:1   | Noticed Fannar
 13352 | Lair:1   | Killed Fannar
 13353 | Lair:1   | Reached skill level 11 in Armour
 13353 | Lair:1   | Reached skill level 5 in Dodging
 13636 | Lair:2   | Found a runed translucent door.
 13708 | Lair:2   | Found a staircase to the Snake Pit.
 13992 | Lair:2   | Noticed Ente's ghost (journeyman TrDe)
 14172 | Lair:2   | Reached skill level 5 in Shields
 14520 | Lair:2   | Killed Ente's ghost
 14612 | Lair:3   | Received a gift from Trog
 14731 | Lair:3   | Found a staircase to the Swamp.
 14731 | Lair:3   | Noticed an eleionoma
 14738 | Lair:3   | Killed an eleionoma
 15557 | Lair:3   | Reached XP level 14. HP: 79/116 MP: 14/14
 15666 | Lair:3   | Reached skill level 6 in Shields
 15912 | Lair:4   | Found a shadowy altar of Dithmenos.
 15958 | Lair:4   | Found a staircase to the Slime Pits.
 15967 | Lair:4   | Found a viscous altar of Jiyva.
 16276 | Lair:4   | Gained mutation: You occasionally lose the ability to drink
                  | potions when taking damage. [potion of mutation]
 16276 | Lair:4   | Gained mutation: Your mind is acute. (Int +4, Str/Dex -1)
                  | [potion of mutation]
 16276 | Lair:4   | Gained mutation: You have hidden genetic potential. [potion
                  | of mutation]
 16467 | Lair:5   | Entered Level 5 of the Lair of Beasts
 16557 | Lair:5   | Reached skill level 12 in Armour
 16564 | Lair:5   | Noticed Nessos
 16569 | Lair:5   | Nessos changed into Nessos the troll
 16569 | Lair:5   | Noticed Nessos
 16685 | Lair:4   | Killed Nessos the troll
 16693 | Lair:4   | Reached skill level 6 in Dodging
 16788 | Lair:4   | Reached skill level 13 in Fighting
 16904 | Lair:5   | Received a gift from Trog
 16929 | Lair:5   | Reached skill level 7 in Shields
 17544 | Lair:5   | Reached skill level 8 in Shields
 17563 | Lair:5   | Reached skill level 13 in Armour
 18123 | Orc:1    | Entered Level 1 of the Orcish Mines
 18510 | Orc:2    | Entered Level 2 of the Orcish Mines
 18510 | Orc:2    | Found a staircase to the Elven Halls.
 18784 | Orc:2    | Received a gift from Trog
 18921 | Orc:2    | Found Nammur's Armour Shoppe.
 18921 | Orc:2    | Found Uskeakk's Weapon Shoppe.
 18921 | Orc:2    | Found Otucru's Antique Weapon Emporium.
 18923 | Orc:2    | Found Diomygg's Antique Weapon Emporium.
 18926 | Orc:2    | Reached XP level 15. HP: 125/125 MP: 15/15
 18971 | Orc:2    | Reached skill level 9 in Shields
 18976 | Orc:2    | Reached skill level 15 in Maces & Flails
 20188 | D:12     | Gained mutation: You passively map a small area around you.
                  | [hidden potential]
 20369 | D:13     | Reached skill level 14 in Fighting
 20462 | D:13     | Found a gate leading to a gauntlet.
 20468 | Gauntlet | Entered a Gauntlet
 20468 | Gauntlet | Found a transporter.
 20519 | Gauntlet | Found a transporter.
 20521 | Gauntlet | Found a transporter.
 20530 | Gauntlet | Found a runed translucent door.
 20532 | Gauntlet | Found a transporter.
 20534 | Gauntlet | Found a transporter.
 20542 | Gauntlet | Found a transporter.
 20560 | Gauntlet | Found a transporter.
 20571 | Gauntlet | Found a transporter.
 20582 | Gauntlet | Found a transporter.
 20591 | Gauntlet | Found a runed translucent door.
 20594 | Gauntlet | Found a runed translucent door.
 20596 | Gauntlet | Found a transporter.
 20596 | Gauntlet | Found a transporter.
 20610 | Gauntlet | Found a transporter.
 20632 | Gauntlet | Found a transporter.
 20632 | Gauntlet | Found a transporter.
 20772 | Gauntlet | Received a gift from Trog
 20846 | Gauntlet | Identified the +1 cloak "Qumeluf" {-Cast rN+ Dex+3}
 20908 | Gauntlet | Reached skill level 14 in Armour
 21003 | D:13     | Found a gate to the Vaults.
 21126 | D:13     | Found an ornate altar of the Wu Jian Council.
 21165 | D:13     | Reached skill level 5 in Evocations
 21304 | D:13     | Found Dyireup's Book Boutique.
 21492 | D:14     | Found a runed translucent gate.
 21493 | D:14     | Found a runed translucent gate.
 21493 | D:14     | Found a runed translucent gate.
 21505 | D:14     | You fall into a shaft and drop 1 floor!
 21505 | D:15     | Entered Level 15 of the Dungeon
 21629 | D:15     | Reached skill level 10 in Shields
 22424 | D:14     | Noticed Waitepy's ghost (journeyman DjAE)
 22741 | D:15     | Reached skill level 6 in Evocations
 22806 | D:15     | Received a gift from Trog
 23206 | D:15     | Found a staircase to the Depths.
 23767 | Snake:1  | Entered Level 1 of the Snake Pit
 23767 | Snake:1  | Noticed Kirke
 23779 | Lair:2   | Killed Kirke
 23950 | Snake:1  | Reached XP level 16. HP: 134/134 MP: 16/16
 24059 | Snake:1  | Reached skill level 11 in Shields
 24059 | Snake:1  | Reached skill level 7 in Evocations
 24479 | Snake:1  | Gained mutation: You are partially covered in iridescent
                  | scales. (AC +2) [hidden potential]
 24479 | Snake:1  | Lost mutation: You have hidden genetic potential. [hidden
                  | potential expressed]
 24482 | Snake:1  | Noticed Rupert
 24502 | Snake:1  | Killed Rupert
 24609 | Snake:1  | Received a gift from Trog
 24804 | Snake:1  | You fall into a shaft and drop 1 floor!
 24871 | Snake:2  | Reached skill level 16 in Maces & Flails
 24889 | Snake:2  | Reached skill level 15 in Fighting
 25158 | Snake:2  | Reached skill level 8 in Evocations
 25669 | Snake:2  | Reached skill level 12 in Shields
 25719 | Snake:2  | Identified the +0 pair of boots of Ethics {Dex+3}
 26350 | Snake:3  | Noticed Vashnia
 26385 | Snake:3  | Killed Vashnia
 26386 | Snake:3  | Reached skill level 9 in Evocations
 26426 | Snake:3  | Noticed Mara
 26437 | Snake:3  | Killed Mara
 26446 | Snake:3  | Found Wimouthro's Jewellery Boutique.
 26544 | Snake:3  | Bought the ring of Aguv {rF+ rC+ EV+5 Str+2} for 1101 gold
                  | pieces
 26657 | Snake:3  | Received a gift from Trog
 26700 | Snake:3  | Reached skill level 13 in Shields
 27282 | Snake:4  | Entered Level 4 of the Snake Pit
 27282 | Snake:4  | Found Ifevvaal's Antique Weapon Emporium.
 27293 | Snake:3  | Reached XP level 17. HP: 110/144 MP: 17/17
 27687 | Snake:4  | Found Zamoepha's Armour Shop.
 27912 | Snake:3  | Reached skill level 16 in Fighting
 27912 | Snake:3  | Reached skill level 10 in Evocations
 28063 | Snake:4  | Noticed Nikola
 28068 | Snake:4  | Noticed Mlioglotl
 28075 | Snake:4  | Killed Mlioglotl
 28080 | Snake:4  | Killed Nikola
 28134 | Snake:4  | Found a burning altar of Makhleb.
 28134 | Snake:4  | Found Unut's Assorted Antiques.
 28201 | Snake:4  | Bought a scroll of revelation for 210 gold pieces
 28201 | Snake:4  | Bought a potion of curing for 84 gold pieces
 28234 | Snake:4  | Reached skill level 14 in Shields
 28321 | Snake:4  | Found Omim's Superior Scales.
 29331 | Snake:4  | Received a gift from Trog
 29668 | Snake:4  | Reached skill level 17 in Fighting
 29671 | Snake:4  | Reached skill level 15 in Shields
 29701 | Snake:4  | Got a serpentine rune of Zot
 30030 | Swamp:1  | Entered Level 1 of the Swamp
 30039 | Swamp:1  | Reached skill level 15 in Armour
 30345 | Swamp:1  | Reached XP level 18. HP: 152/155 MP: 18/18
 30623 | Swamp:2  | Received a gift from Trog
 31607 | Swamp:3  | Received a gift from Trog
 31961 | Swamp:4  | Entered Level 4 of the Swamp
 32033 | Swamp:4  | Acquired the +1 tower shield of Sloth {SInv}
 32112 | Swamp:4  | Noticed Donald
 32128 | Swamp:4  | Killed Donald
 32129 | Swamp:4  | Reached skill level 16 in Shields
 32317 | Swamp:4  | Reached skill level 16 in Armour
 32887 | Swamp:4  | Noticed a bone dragon
 32916 | Swamp:4  | Killed a bone dragon
 33016 | Swamp:4  | Received a gift from Trog
 33345 | Swamp:4  | Reached skill level 11 in Evocations
 33521 | Swamp:4  | Got a decaying rune of Zot
 34005 | Vaults:1 | Entered Level 1 of the Vaults
 34223 | Vaults:1 | Reached skill level 18 in Fighting
 34310 | Vaults:1 | Identified the +1 ring mail of the Beginning {Dex+3}
 34319 | Vaults:1 | Received a gift from Trog
 34348 | Vaults:1 | Reached XP level 19. HP: 137/163 MP: 19/19
 34442 | Vaults:1 | Found a crumbling gateway.
 34449 | Desolati | Entered the Desolation of Salt
 34622 | Desolati | Reached skill level 17 in Armour
 34853 | Desolati | Identified the ring of Nesimu {Wiz Str+3}
 34865 | Desolati | Received a gift from Trog
 34892 | Desolati | Found the +27 heavy crossbow "Sniper" {heavy, Acc+∞ SInv}
 34920 | Desolati | Reached skill level 17 in Shields
 35055 | Desolati | Identified the +1 trident of Indomitability {protect, rPois
                  | rC- Str+3 SInv}
 35114 | Desolati | Reached skill level 12 in Evocations
 35384 | Desolati | Identified the +2 plate armour of Distant Shores {Dex+3}
 35389 | Desolati | Identified the +6 great sword "Beih" {elec, rPois Str-3
                  | Int+3}
 35420 | Desolati | Identified the +11 quarterstaff of Wounding {antimagic,
                  | *Slow rF++ rCorr Dex+3} (Trog gifted it to you in the
                  | Desolation of Salt)
 35420 | Desolati | Received a gift from Trog
 35432 | Desolati | Identified the +1 robe "Ohubiello" {rElec}
 35449 | Desolati | Identified the +0 scale mail of Intuition {Rampage rC+
                  | Str+3}
 35531 | Desolati | Identified the ring "Tysuiq" {*Corrode rElec rN+ AC+4
                  | Stlth+}
 35552 | Desolati | Identified the staff of Evolution {rPois rCorr Earth}
 36690 | Vaults:1 | Received a gift from Trog
 36861 | Vaults:2 | Reached skill level 18 in Armour
 37307 | Vaults:2 | Reached skill level 13 in Evocations
 37307 | Vaults:2 | Reached XP level 20. HP: 172/172 MP: 20/20
 37464 | Vaults:2 | Received a gift from Trog
 37486 | Vaults:2 | Reached skill level 18 in Shields
 37733 | Vaults:2 | Reached skill level 19 in Fighting
 38360 | Vaults:2 | Found a staircase to the Crypt.
 38379 | Vaults:2 | Paralysed by something for 4 turns
 38385 | Vaults:2 | Received a gift from Trog
 39271 | Vaults:3 | Reached skill level 19 in Armour
 39622 | Vaults:3 | Received a gift from Trog
 40043 | Vaults:3 | Reached skill level 14 in Evocations
 40375 | Vaults:4 | Identified the +1 cloak of Lucidity {Harm Rampage}
 40803 | Vaults:4 | Found Giliwysch's Jewellery Shoppe.
 41197 | Vaults:4 | Found a large runed translucent door.
 41197 | Vaults:4 | Found a large runed translucent door.
 41198 | Vaults:4 | Noticed Muvus's ghost (adept DsFi)
 41224 | Vaults:4 | Killed Muvus's ghost
 41230 | Vaults:4 | Identified the ring "Ropygeil" {rElec rN+++ rCorr Int-5}
 41464 | Elf:1    | Entered Level 1 of the Elven Halls
 41499 | Elf:1    | Received a gift from Trog
 41557 | Elf:1    | Reached skill level 19 in Shields
 41605 | Elf:1    | Identified the +2 leather armour of the Other World {rC+}
 41733 | Elf:1    | Found a magical portal.
 41742 | WizLab   | Entered Maxwell's Workshop
 41774 | WizLab   | Reached XP level 21. HP: 136/181 MP: 21/21
 42096 | WizLab   | Identified the ring of Nuopp {Ice rElec Stlth+}
 42097 | WizLab   | Identified the ring "Noakoil" {Fire Fly Will+++ Int+3
                  | Stlth-}
 42661 | WizLab   | Identified the +0 chain mail "Seakk" {+Inv rElec rC+}
 42797 | Elf:1    | Identified the ring "Sonoit" {*Corrode rPois rN++ Slay+2}
 42803 | Elf:1    | Received a gift from Trog
 43132 | Elf:1    | Reached skill level 20 in Armour
 43262 | Elf:1    | Received a gift from Trog
 43520 | Elf:2    | Found Lacsoxuy's Jewellery Shop.
 43521 | Elf:2    | Found Hazugev's General Store.
 43530 | Elf:2    | Noticed Azrael
 43550 | Elf:2    | Killed Azrael
 43730 | Elf:2    | Found Umenomn's Armour Shoppe.
 43787 | Elf:2    | Found Nipub's Weapon Shop.
 43794 | Elf:2    | Reached skill level 15 in Evocations
 43805 | Elf:2    | Reached skill level 20 in Fighting
 43861 | Elf:2    | Acquired 745 gold pieces
 43963 | Elf:2    | Found a runed translucent gate.
 43963 | Elf:2    | Found a runed translucent gate.
 43963 | Elf:2    | Found a runed translucent gate.
 43963 | Elf:2    | Noticed Norris
 44053 | Elf:2    | Found a runed translucent gate.
 44054 | Elf:2    | Found a runed translucent gate.
 44055 | Elf:2    | Found a runed translucent gate.
 44057 | Elf:2    | Noticed Lajad's ghost (adept OpFE)
 44057 | Elf:2    | Noticed Paaligas's ghost (journeyman GrCA)
 44300 | Elf:2    | Killed Lajad's ghost
 44316 | Elf:2    | Killed Paaligas's ghost
 44357 | Elf:3    | Entered Level 3 of the Elven Halls
 44451 | Elf:3    | Received a gift from Trog
 44552 | Elf:3    | Found the +7 sceptre of Torment {pain, torment}
 44564 | Elf:3    | Reached skill level 20 in Shields
 45095 | Elf:3    | Received a gift from Trog
 45106 | Elf:3    | Reached skill level 16 in Evocations
 45116 | Elf:3    | Identified the ring of Pioxteroan {rN+ rCorr Str+3 SInv}
 45223 | Elf:3    | Identified the ring of Ziraty {rC- Will+ MP+9 Dex+4 Slay+2}
 45249 | Elf:3    | Received a gift from Trog
 45255 | Elf:3    | Found the +6 arbalest "Damnation" {damnation}
 45271 | Elf:3    | Reached XP level 22. HP: 150/190 MP: 22/22
 45303 | Elf:3    | Identified the +5 hand axe "Tayqekk" {vamp, rPois rC+
                  | Int-5}
 45460 | Elf:3    | Identified the +1 chain mail of Gomuid {rC- Will+ rCorr
                  | Dex+3}
 45464 | Elf:3    | Identified the granite talisman of Opocooca {rN+ Str+2
                  | Stlth+}
 45505 | Elf:3    | Identified the +9 arbalest of Tavvau {speed, rElec Will+
                  | Int-2 Dex+6 SInv}
 45771 | Depths:1 | Entered Level 1 of the Depths
 45848 | Depths:1 | Identified the +6 war axe of Contradiction {vamp, rF+}
 45927 | Depths:1 | Reached skill level 21 in Shields
 45949 | Depths:1 | Found a stormy altar of Qazlal.
 46045 | Depths:1 | Found a gateway to Hell.
 46108 | Depths:1 | Reached skill level 17 in Evocations
 46307 | Depths:1 | Found Xayhatya's Magic Scroll Shoppe.
 46307 | Depths:1 | Found Cebuff's Book Emporium.
 46308 | Depths:1 | Found Qosicuif's General Store.
 46310 | Depths:1 | Found Renn's General Store.
 46312 | Depths:1 | Bought a scroll of teleportation for 63 gold pieces
 46312 | Depths:1 | Bought a potion of enlightenment for 105 gold pieces
 46315 | Depths:1 | Bought a scroll of acquirement for 676 gold pieces
 46315 | Depths:1 | Bought a scroll of summoning for 123 gold pieces
 46315 | Depths:1 | Bought 2 scrolls of fear for 104 gold pieces
 46315 | Depths:1 | Bought a scroll of revelation for 97 gold pieces
 46315 | Depths:1 | Bought a scroll of enchant weapon for 97 gold pieces
 46315 | Depths:1 | Bought a scroll of teleportation for 39 gold pieces
 46316 | Depths:1 | Acquired a manual of Maces & Flails
 46568 | Depths:2 | Found a one-way gateway to a ziggurat.
 46608 | Depths:2 | Noticed a golden dragon
 46639 | Depths:2 | Killed a golden dragon
 47051 | Depths:2 | Received a gift from Trog
 47308 | Depths:2 | Reached skill level 7 in Dodging
 47345 | Depths:2 | Found a one-way gate leading to the halls of Pandemonium.
 47350 | Depths:2 | Reached skill level 17 in Maces & Flails
 47483 | Depths:2 | Identified the ring "Hoawykilie" {rC+ MP+9 Int-5 Dex+2
                  | Slay+4}
 47484 | Depths:2 | Identified the staff of the Eternal Void {rElec rC+ rCorr
                  | Str+2 Ice}
 47492 | Depths:2 | Identified the +1 leather armour of Zourel {Harm *Corrode
                  | Str+2 Int+3}
 47611 | Depths:2 | Reached skill level 22 in Shields
 47819 | Depths:3 | Noticed Vv
 47832 | Depths:3 | Killed Vv
 47990 | Depths:3 | Reached XP level 23. HP: 169/196 MP: 23/23
 48007 | Depths:3 | Lost mutation: You occasionally lose the ability to drink
                  | potions when taking damage. [potion of mutation]
 48007 | Depths:3 | Lost mutation: You are partially covered in iridescent
                  | scales. (AC +2) [potion of mutation]
 48007 | Depths:3 | Lost mutation: Your mind is acute. (Int +4, Str/Dex -1)
                  | [potion of mutation]
 48007 | Depths:3 | Lost mutation: You passively map a small area around you.
                  | [potion of mutation]
 48007 | Depths:3 | Gained mutation: You have large cloven feet. [potion of
                  | mutation]
 48007 | Depths:3 | Gained mutation: You are clumsy. (Dex -2) [potion of
                  | mutation]
 48007 | Depths:3 | Gained mutation: You occasionally shout uncontrollably at
                  | your foes. [potion of mutation]
 48007 | Depths:3 | Gained mutation: You are weak. (Str -2) [potion of
                  | mutation]
 48007 | Depths:3 | Gained mutation: You are dopey. (Int -2) [potion of
                  | mutation]
 48007 | Depths:3 | Gained mutation: You have hoof-like feet. [potion of
                  | mutation]
 48007 | Depths:3 | Gained mutation: You have supernaturally acute eyesight.
                  | (SInv) [potion of mutation]
 48071 | Depths:3 | Reached skill level 18 in Evocations
 48108 | Depths:3 | Found a one-way gate to the infinite horrors of the Abyss.
 48161 | Depths:3 | Received a gift from Trog
 48286 | Depths:3 | Lost mutation: You have hoof-like feet. [potion of
                  | mutation]
 48286 | Depths:3 | Lost mutation: You are dopey. (Int -2) [potion of mutation]
 48286 | Depths:3 | Lost mutation: You have supernaturally acute eyesight.
                  | (SInv) [potion of mutation]
 48286 | Depths:3 | Lost mutation: You are weak. (Str -2) [potion of mutation]
 48286 | Depths:3 | Lost mutation: You occasionally shout uncontrollably at
                  | your foes. [potion of mutation]
 48286 | Depths:3 | Lost mutation: You are clumsy. (Dex -2) [potion of
                  | mutation]
 48286 | Depths:3 | Gained mutation: You are agile. (Dex +4, Str/Int -1)
                  | [potion of mutation]
 48286 | Depths:3 | Gained mutation: You have a pair of small horns on your
                  | head. [potion of mutation]
 48286 | Depths:3 | Gained mutation: Your natural rate of healing is unusually
                  | fast. [potion of mutation]
 48286 | Depths:3 | Gained mutation: You are frail. (-10% HP) [potion of
                  | mutation]
 48286 | Depths:3 | Gained mutation: Your mind is acute. (Int +4, Str/Dex -1)
                  | [potion of mutation]
 48286 | Depths:3 | Gained mutation: You are partially covered in large bone
                  | plates. (SH +4) [potion of mutation]
 48286 | Depths:3 | Gained mutation: You are partially covered in iridescent
                  | scales. (AC +2) [potion of mutation]
 48762 | Depths:3 | Found an ornate altar of the Wu Jian Council.
 48763 | Depths:3 | Found a basalt altar of Yredelemnul.
 48764 | Depths:3 | Found a bloodstained altar of Trog.
 48806 | Depths:3 | Reached skill level 8 in Dodging
 48820 | Depths:3 | Reached skill level 18 in Maces & Flails
 48875 | Depths:3 | Noticed a juggernaut
 48893 | Depths:3 | Killed a juggernaut
 49085 | Depths:3 | Noticed a juggernaut
 49099 | Depths:3 | Killed a juggernaut
 49133 | Depths:3 | Noticed a juggernaut
 49156 | Depths:3 | Killed a juggernaut
 49224 | Depths:3 | Reached skill level 19 in Maces & Flails
 49256 | Depths:3 | Paralysed by a sphinx for 5 turns
 49266 | Depths:3 | Identified the +8 hand axe of Yshrusoi {drain, *Rage rN+
                  | SInv}
 49273 | Depths:3 | Reached skill level 9 in Dodging
 49289 | Depths:3 | Received a gift from Trog
 49294 | Depths:3 | Noticed a juggernaut
 49317 | Depths:3 | Killed a juggernaut
 49318 | Depths:3 | Reached skill level 23 in Shields
 49337 | Depths:3 | Identified the staff "Zago" {rF+ Str+4 Fire}
 49409 | Depths:3 | Identified the +3 ring mail of the Will of the Gods {rPois
                  | Will+ Dex+2}
 49630 | Depths:4 | Entered Level 4 of the Depths
 49824 | Depths:4 | Reached skill level 20 in Maces & Flails
 49915 | Depths:4 | Noticed Jory
 49922 | Depths:4 | Received a gift from Trog
 49944 | Depths:4 | Killed Jory
 49961 | Depths:4 | Reached XP level 24. HP: 183/183 MP: 23/23
 50053 | Depths:4 | Reached skill level 24 in Shields
 50234 | Depths:4 | Found a gate to the Realm of Zot.
 50984 | Vaults:5 | Entered Level 5 of the Vaults
 51021 | Vaults:5 | Reached skill level 25 in Shields
 51022 | Vaults:5 | Received a gift from Trog
 51044 | Vaults:5 | Identified the +6 whip of Valour {freeze, rF+ rN+}
 51106 | Vaults:5 | Identified the +7 falchion of the Poles {elec, *Rage Fly
                  | rElec MP+9}
 51373 | Vaults:5 | Reached skill level 26 in Shields
 51385 | Vaults:5 | Received a gift from Trog
 51412 | Vaults:5 | Identified the +5 morningstar of Yskelasi {drain, Str+2
                  | Int+3 Dex+7 SInv}
 51523 | Vaults:5 | Identified the +0 cloak "Efuteow" {Harm Str-4 Slay+2}
 51534 | Vaults:5 | Identified the +6 short sword "Cuextut" {heavy, rPois
                  | Dex+2}
 51635 | Vaults:5 | Identified the staff of the Final Decision {^Contam rF+ rN+
                  | Dex+3 Necro}
 51636 | Vaults:5 | Identified the +8 double sword "Lass" {flame, rN++ rCorr
                  | Dex+5}
 51819 | Vaults:5 | Received a gift from Trog
 51859 | Vaults:5 | Got a silver rune of Zot
 51897 | Abyss:2  | Cast into level 2 of the Abyss (a deep elf demonologist)
 51958 | Abyss:3  | Found a corrupted altar of Lugonu.
 52016 | Abyss:3  | Found a corrupted altar of Lugonu.
 52023 | Abyss:3  | Found a corrupted altar of Lugonu.
 52075 | Abyss:3  | Reached skill level 27 in Shields
 52086 | Vaults:5 | Escaped the Abyss
 52830 | Zot:1    | Entered Level 1 of the Realm of Zot
 53024 | Zot:2    | Noticed Grunn
 53041 | Zot:2    | Received a gift from Trog
 53042 | Zot:2    | Reached XP level 25. HP: 177/190 MP: 23/23
 53053 | Zot:2    | Killed Grunn
 53127 | Zot:5    | Entered Level 5 of the Realm of Zot
 53358 | Zot:5    | Reached skill level 21 in Fighting
 53862 | Zot:5    | Noticed a Killer Klown
 53862 | Zot:5    | Noticed an ancient lich
 53862 | Zot:5    | Noticed an orb of fire
 53863 | Zot:5    | Noticed an ancient lich
 53863 | Zot:5    | Noticed an ancient lich
 53863 | Zot:5    | Noticed an orb of fire
 53863 | Zot:5    | Gained mutation: You occasionally lose the ability to drink
                  | potions when taking damage. [an orb of fire]
 53867 | Zot:5    | Got the Orb of Zot
 54165 | Depths:2 | Noticed Jufeu the pandemonium lord
 54178 | Depths:2 | Killed Jufeu the pandemonium lord
 54636 | D:1      | Noticed Woymm the pandemonium lord
 54643 | D:1      | Killed Woymm the pandemonium lord
 54667 | D:$      | Escaped with the Orb!

Illustrated notes

Levels and vault maps discovered:
D:1:      dpeg_arrival_pond, layout_basic, minmay_distorted
D:2:      layout_basic
D:3:      layout_loops_ring, st_stairs_4
D:4:      layout_basic, minmay_temple_entry_purple_smoke, moated_statue,
          minmay_goblin_kobold_house
D:5:      kennysheep_steamy, layout_loops_corners, guppyfry_early_orc_mine
D:6:      layout_basic, grunt_ministairs_4, uniq_pikel, uniq_jeremiah
D:7:      minmay_the_grid_octo_tiled_octocenter [minmay_the_grid_octo_odd_swirl,
          minmay_the_grid_octo_clover_2, minmay_the_grid_octo_concentric,
          minmay_the_grid_octo_shrine, minmay_the_grid_octo_prize_single_spiral,
          minmay_the_grid_square_5x5_comb, minmay_the_grid_square_5x5_n,
          minmay_the_grid_square_5x5_spiral, minmay_the_grid_square_5x5_bridge],
          layout_gridville, evilmike_ruin_ashenzari, uniq_joseph
D:8:      layout_gridville, nicolae_elyvilon_temple_path,
          mainiacjoe_overflow_catwalk_spiral, nicolae_nh_ransacked_shop
D:9:      minmay_sliced_demisemicircle, layout_loops_ring
D:10:     layout_loops_ring, amcnicky_altar_gilded,
          mainiacjoe_overflow_alcove_2, nicolae_ru_path_of_blood,
          lair_entry_dummy, enter_bailey_3, nicolae_zig_zag_zippers
D:11:     layout_roguey, minmay_orc_entry_temple_small, portal_ice_cave_rime
D:12:     layout_roguey
D:13:     layout_roguey, david_vaults_2, gauntlet_entry_generic, serial_shops,
          shop, nicolae_wu_jian_wuxing_cycle
D:14:     layout_loops_ring, grunt_decor_resistance, gammafunk_ghost_necromancy,
          serial_park_tiny_pond
D:15:     hangedman_depths_entry_civil_slaughter, layout_irregular_city,
          chequers_mini_garden, drop_trap, nicolae_lava_and_water,
          item_on_display_a
Lair:1:   layout_regular_city, chequers_serial_rivers_small_a,
          serial_bayou_shore_b, grunt_megastairs_4, uniq_maggie, uniq_gastronok,
          uniq_fannar
Lair:2:   layout_gridlike, dummy_snake_entry, hellmonk_ghost_happy_afterlife
Lair:3:   layout_chaotic_city, alex1729_swamp_entry_worm_eleionoma
Lair:4:   layout_misc_corridors, nicolae_slime_entry_field_trip, basic_altar
Lair:5:   grunt_lair_end_beastmaster, layout_hall_layers,
          infiniplex_staircase_pool_2, uniq_nessos
Swamp:1:  layout_basic_swamp, infiniplex_staircase_pool
Swamp:2:  layout_basic_swamp, hangedman_swamp_ruin_hall
Swamp:3:  layout_falls_marsh, nicolae_swamp_treefoil
Swamp:4:  swamp_pestilence, layout_basic_swamp, swamp_pool_5, uniq_donald
Snake:1:  nicolae_snake_nest, layout_misc_corridors, basic_altar, uniq_rupert,
          uniq_kirke
Snake:2:  layout_grid_maze
Snake:3:  layout_concentric_octagons, serial_shops, shop, uniq_mara,
          uniq_vashnia
Snake:4:  grunt_snake_rune_spirals, layout_onion, basic_altar, serial_shops,
          nicolae_shop_advertising_works [nicolae_subvault_shop_adworks], shop,
          shop, nicolae_snake_squiggles, st_stairs_9, hellmonk_scale_shop,
          uniq_nikola, uniq_mlioglotl
Orc:1:    layout_caves
Orc:2:    st_orc_mages, layout_caves
Elf:1:    layout_onion_city, mu_enter_wizlab_5, minmay_elf_demonology
Elf:2:    nicolae_elf_blades_splatter_lattice [nicolae_blade_little_rooms],
          layout_rooms, serial_shops, nicolae_stop_n_shop_2,
          nicolae_square_shop, shop, shop, gammafunk_ghost_cemetery,
          uniq_norris, uniq_azrael
Elf:3:    minmay_elf_hall_curves, layout_rooms, st_stairs_6, eino_tiny_chamber,
          minmay_fountain_box, small_chamber_with_monster
Vaults:1: portal_desolation_entry_nicolae_nacl, nicolae_vaults_display_case,
          nicolae_vaults_ninety_degrees, vaults_dpeg_cross, grunt_vaults_funnel,
          grunt_vaults_hallway_long, nicolae_vaults_little_squares_5,
          nicolae_vaults_apartment_2, nicolae_vaults_tetromino_L_2, v_misc_12,
          nicolae_vaults_specimen_jars, nicolae_vaults_tangram_1,
          dpeg_vaults_monster_box, v_misc_9, nicolae_vaults_little_ls,
          nicolae_vaults_rhombus_6, nicolae_vaults_diamond_2,
          layout_vaults_omnibox
Vaults:2: nicolae_vaults_network_s, nicolae_vaults_closet_pinwheel_1,
          nicolae_vaults_storage_room_statues,
          nicolae_vaults_door_testing_chamber, minmay_crypt_entry_simple_sparse,
          nicolae_vaults_ellipses_ellipsis, nicolae_vaults_apartment_1,
          v_pattern_4, serial_library_hellmonk_open_square,
          nicolae_vaults_heart-shaped_vault, nicolae_vaults_tetromino_T_2,
          vaults_room_grid, nicolae_vaults_diamond_1,
          nicolae_vaults_security_offices_1, layout_vaults_omnicross
Vaults:3: nicolae_vaults_trapezoid_4, ontoclasm_vaults_ring_square,
          vaults_room_semicircle, ontoclasm_vaults_idyll,
          nicolae_vaults_house_3, nicolae_vaults_border_crossing,
          layout_vaults_quadrants
Vaults:4: ebering_ghost_disaster_area, vaults_mumra_chevron_long, v_misc_12,
          v_alt_pattern_1, v_alt_pattern_3, nicolae_vaults_circle_grid_a,
          nicolae_vaults_sesquioval_fish, nicolae_vaults_mini_display_case,
          layout_vaults_maze_bifur, serial_shops, nicolae_shop_waterfront
Vaults:5
Depths:1: layout_forbidden_donut, nicolae_qazlal_scattered_showers, hell_entry,
          kennysheep_generic_room_4, serial_bayou_shore_b, minmay_shoptagon,
          grunt_megastairs_3
Depths:2: grunt_arcs, layout_cave_shapes, enter_ziggurat_a,
          pf_hell_entry_great_geh, rand_demon_pan_entry_1,
          nicolae_kite_square_tiling_tiny, infiniplex_staircase_pool_lava
Depths:3: hangedman_slaughterboxes, hell_entry, abyss_entry, uniq_vv
Depths:4: grunt_zot_entry_gee_three, layout_basic, hell_entry, minivault_14,
          uniq_margery, uniq_jory
Zot:1:    kennysheep_blocky_room, layout_cathedral_of_symmetry,
          regret_index_zotdec_tunneler, uniq_parghit
Zot:2:    layout_gridlike, regret_index_zotdec_iron_s, uniq_grunn
Zot:3:    layout_cathedral_of_symmetry, regret_index_zotdec_onion_hex
Zot:4:    layout_gridlike, st_stairs_2
Zot:5:    layout_cathedral_of_symmetry, hangedman_zot_diagonal_lockstep

Skill      XL: |  1  2  3  4  5  6  7  8  9 10 11 12 13 14 15 16 17 18 19 20 21 22 23 24 25 |
---------------+----------------------------------------------------------------------------+-----
Maces & Flails | 3 4 5 6 8 10 12 13 14 15 16 17 20 | 20.0
Fighting       | 3 4 5 6 7 8 10 11 12 13 14 15 17 18 19 20 21 | 21.9
Evocations     | 1 2 3 4 6 9 10 11 13 14 16 17 18 | 18.0
Shields        | 3 5 8 10 13 15 16 17 19 20 22 23 27 | 27.0
Armour         | 5 8 10 11 13 14 15 16 18 19 20 | 20.0
Dodging        | 4 5 6 7 9 |  9.0

Action                     |  1- 3 |  4- 6 |  7- 9 | 10-12 | 13-15 | 16-18 | 19-21 | 22-24 | 25-27 || total
---------------------------+-------+-------+-------+-------+-------+-------+-------+-------+-------++-------
  Melee: Mace              |    73 |       |       |       |       |       |       |       |       ||    73
         Punch             |     1 |       |       |       |       |       |       |       |       ||     1
         Tailslap          |     2 |    12 |    27 |   125 |   273 |   264 |   416 |   480 |    53 ||  1652
         Whip              |     6 |    20 |       |       |       |       |       |       |       ||    26
         Flail             |       |   168 |   172 |   808 |   102 |       |       |       |       ||  1250
         Morningstar       |       |       |       |       |   445 |       |       |       |       ||   445
         Demon whip        |       |       |       |       |   990 |    23 |       |       |       ||  1013
         Eveningstar       |       |       |       |       |       |  1304 |  1898 |  1978 |   222 ||  5402
         Kick              |       |       |       |       |       |       |       |   623 |   117 ||   740
         Headbutt          |       |       |       |       |       |       |       |   371 |    84 ||   455
  Throw: Dart              |       |       |     4 |       |     3 |       |       |       |       ||     7
 Invoke: Berserk           |     1 |     2 |     2 |     8 |     9 |     7 |     3 |       |       ||    32
         Trog's Hand       |       |     1 |     1 |     5 |     5 |     7 |    14 |    15 |     2 ||    50
         Brothers in Arms  |       |       |       |       |       |    12 |     5 |     3 |     2 ||    22
  Evoke: Wand              |       |       |       |       |     4 |    10 |     3 |     5 |       ||    22
         Box of beasts     |       |       |       |       |       |     2 |       |       |       ||     2
         Phial of floods   |       |       |       |       |       |     1 |       |       |       ||     1
         Condenser vane    |       |       |       |       |       |     1 |     2 |     2 |       ||     5
         Lightning rod     |       |       |       |       |       |       |     3 |       |       ||     3
    Use: Scroll            |     6 |     6 |     2 |     9 |    11 |     9 |     3 |    11 |     9 ||    66
         Potion            |       |     3 |       |       |     8 |     5 |     1 |     8 |     8 ||    33
   Stab: Distracted        |       |       |       |       |       |     1 |     4 |     1 |     1 ||     7
         Invisible         |       |       |       |       |       |       |       |     3 |       ||     3
 Armour: Animal skin       |    50 |    34 |       |       |       |       |       |       |       ||    84
         Ring mail         |       |    34 |       |       |       |       |       |       |       ||    34
         Skin              |       |    41 |       |       |       |       |       |       |       ||    41
         Scale mail        |       |    20 |    81 |       |       |       |       |       |       ||   101
         Chain mail        |       |       |    96 |   137 |       |       |       |       |       ||   233
         Plate armour      |       |       |       |   514 |  1085 |   960 |   999 |   813 |    82 ||  4453
  Dodge: Dodged            |    29 |    44 |    56 |   170 |   153 |   274 |   397 |   328 |    18 ||  1469
  Block: Buckler           |       |       |       |   162 |     1 |       |       |       |       ||   163
         Kite shield       |       |       |       |       |   127 |       |       |       |       ||   127
         Tower shield      |       |       |       |       |   954 |  1521 |  1923 |  2463 |   185 ||  7046
         Reflection        |       |       |       |       |    25 |   181 |   106 |    47 |     2 ||   361

Table legend: (Time is in decaauts)
 A = Elapsed time spent in this place.
 B = Non-inter-level travel time spent in this place.
 C = Inter-level travel time spent in this place.
 D = Time resting spent in this place.
 E = Time spent auto-exploring this place.
 F = Levels seen in this place.
 G = Mean time per level.
                   A        B        C        D        E       F      G
               +--------+--------+--------+--------+--------+-----+--------+
         Total |  54026 |  49189 |   4837 |   3841 |  31555 |  54 | 1000.5 |
       Dungeon |  16117 |  13972 |   2145 |    815 |  10324 |  15 | 1074.5 |
          Lair |   5455 |   5121 |    334 |    412 |   3650 |   5 | 1091.0 |
         Swamp |   3816 |   3669 |    147 |    317 |   2396 |   4 |  954.0 |
     Snake Pit |   6149 |   5879 |    270 |   1528 |   2994 |   4 | 1537.2 |
  Orcish Mines |   1056 |    988 |     68 |      0 |    661 |   2 |  528.0 |
   Elven Halls |   3231 |   2992 |    239 |      5 |   2005 |   3 | 1077.0 |
        Vaults |   7552 |   6931 |    621 |    252 |   4726 |   5 | 1510.4 |
        Depths |   5095 |   4252 |    843 |      4 |   2503 |   4 | 1273.8 |
           Zot |   1215 |   1049 |    166 |    112 |    502 |   5 |  243.0 |
         Abyss |    194 |    194 |      0 |      0 |      0 |   2 |   97.0 |
        Bailey |    353 |    353 |      0 |     51 |      7 |   1 |  353.0 |
      Ice Cave |   1021 |   1021 |      0 |      2 |    636 |   1 | 1021.0 |
        Wizlab |   1015 |   1015 |      0 |    111 |    476 |   1 | 1015.0 |
    Desolation |   1281 |   1281 |      0 |    192 |    468 |   1 | 1281.0 |
      Gauntlet |    470 |    470 |      0 |     37 |    205 |   1 |  470.0 |
               +--------+--------+--------+--------+--------+-----+--------+

Top non-repeatable levels by time:
Vaults:2: 2227 daAuts
 Snake:4: 2052 daAuts
 Swamp:4: 1791 daAuts
 Snake:2: 1770 daAuts
Depths:3: 1728 daAuts
Vaults:1: 1684 daAuts
     D:5: 1624 daAuts
     D:7: 1509 daAuts
    D:15: 1498 daAuts
Depths:2: 1429 daAuts
     D:8: 1318 daAuts
Vaults:5: 1309 daAuts
Vaults:3: 1298 daAuts
 Snake:3: 1296 daAuts
   Elf:3: 1295 daAuts

Table legend:
 A = Kills in this place as a percentage of kills in the entire game.
 B = Kills by you in this place as a percentage of kills by you in the entire game.
 C = Kills by friends in this place as a percentage of kills by friends in the entire game.
 D = Other kills in this place as a percentage of other kills in the entire game.
 E = Experience gained in this place as a percentage of experience gained in the entire game.
 F = Experience gained in this place divided by the number of levels of this place that you have seen.
                   A       B       C       D       E      F
               +-------+-------+-------+-------+-------+----------------------
         Total | 100.0 | 100.0 | 100.0 | 100.0 | 100.0 | 22408.4
       Dungeon |  19.5 |  20.1 |   0.0 |  23.1 |   6.4 | 5195.1
          Lair |   6.9 |   7.2 |   0.0 |   0.0 |   4.1 | 9963.0
         Swamp |   6.6 |   6.7 |   3.0 |   7.7 |   6.1 | 18392.2
     Snake Pit |   9.6 |   7.9 |  59.1 |  23.1 |  11.0 | 33260.5
  Orcish Mines |   4.6 |   4.8 |   0.0 |   0.0 |   1.0 | 5990.0
   Elven Halls |   7.0 |   7.0 |   4.5 |  23.1 |   9.0 | 36103.0
        Vaults |  18.2 |  18.8 |   1.5 |   0.0 |  25.1 | 60862.0
        Depths |  14.5 |  14.7 |   7.6 |  23.1 |  25.4 | 76894.5
           Zot |   1.6 |   1.6 |   0.0 |   0.0 |   3.9 | 9501.8
         Abyss |   0.6 |   0.6 |   0.0 |   0.0 |   0.3 | 1987.5
        Bailey |   2.1 |   2.2 |   0.0 |   0.0 |   0.2 | 2836.0
      Ice Cave |   2.3 |   2.4 |   0.0 |   0.0 |   1.2 | 14678.0
        Wizlab |   1.7 |   1.4 |   9.1 |   0.0 |   2.3 | 27697.0
    Desolation |   4.1 |   3.8 |  15.2 |   0.0 |   3.5 | 42210.0
      Gauntlet |   0.6 |   0.7 |   0.0 |   0.0 |   0.4 | 4617.0
               +-------+-------+-------+-------+-------+----------------------
